 Dungeon Crawl Stone Soup version 0.30-a0-949-g53dc5368d7 (webtiles) character file.

Game seed: 10507928171505058900

25 Dracologan24 the Grave Robber (level 2, -1/19 HPs)
             Began as a Mummy Necromancer on Mar 27, 2023.
             Slain by a gnoll
             ... wielding a +0 club
              (5 damage)
             ... on level 2 of the Dungeon.
             The game lasted 00:17:04 (796 turns).

Dracologan24 the Grave Robber (Mummy Necromancer)    Turns: 796, Time: 00:17:05

Health: -1/19      AC:  5    Str: 11    XL:     2   Next: 86%
Magic:  1/6        EV: 10    Int: 14    God:
Gold:   109        SH:  0    Dex: 18    Spells: 6/7 levels left

rFire   x . .      SeeInvis .    m - +2 whip (elec)
rCold   + . .      Faith    +    (no shield)
rNeg    + + +      Spirit   .    q - +0 ring mail
rPois   ∞          Reflect  .    (no helmet)
rElec   .          Rampage  .    (no cloak)
rCorr   .                        (no gloves)
Will    .....                    (no boots)
Stlth   +                        (no amulet)
HPRegen 0.23/turn                e - +6 ring of dexterity
MPRegen 0.10/turn                f - ring of positive energy

@: no status effects
A: cold resistance 1, negative energy resistance 3, torment resistance 2, heat
vulnerability 1, no potions, faith
a: no special abilities


You were on level 2 of the Dungeon.
You visited 1 branch of the dungeon, and saw 2 of its levels.

You collected 109 gold pieces.

Inventory:

Hand Weapons
 j - a +0 shortbow
 l - a +0 hand axe
 m - a +2 whip of electrocution (weapon)
 n - a +0 dagger of electrocution
Missiles
 b - 16 stones
 h - 5 poisoned darts
Armour
 a - a +0 robe
 c - a +0 robe
 q - a +0 ring mail (worn)
Jewellery
 e - a +6 ring of dexterity (left hand)
 f - a ring of positive energy (right hand)
Scrolls
 g - a scroll of acquirement {unknown}
 i - a scroll of fog {unknown}
 o - a scroll of teleportation {unknown}
 p - a scroll of immolation {unknown}
Potions
 d - a potion of lignification {unknown}
 k - a potion of degeneration {unknown}


   Skills:
 + Level 1.7 Dodging
 + Level 1.5 Stealth
 + Level 3.3 Spellcasting
 + Level 4.5 Necromancy


You had 6 spell levels left.
You knew the following spells:

 Your Spells              Type           Power      Damage    Failure   Level
a - Necrotise             Necr           56%        1d6       8%          1

Your spell library contained the following spells:

 Spells                   Type           Power      Damage    Failure   Level
 Vampiric Draining        Necr           14%        2d7       24%         3
 Animate Dead             Necr           14%        N/A       61%         4
 Agony                    Necr           14%        N/A       91%         5


Dungeon Overview and Level Annotations

Branches:
Dungeon (2/15)

Altars:


Innate Abilities, Weirdness & Mutations

You are immune to poison.
Your flesh is cold resistant. (rC+)
You are immune to negative energy. (rN+++)
You are immune to unholy pain and torment.
You are vulnerable to heat. (rF-)
You do not drink.
You have a special connection with the divine. (Faith)


Message History

Aiming: Necrotise (safe; 8% risk of failure)
Press: ? - help, Q - select action, (/) - cycle Shift-Dir - straight line Nothing appears to happen.
The bat hits you but does no damage.
Unknown command.
There are monsters nearby!
There are monsters nearby!
The bat hits your gnoll skeleton.
The bat hits your gnoll skeleton. x2; Your gnoll skeleton hits the bat.
The bat hits your gnoll skeleton.
You don't have enough magic to cast this spell.
The bat hits your gnoll skeleton. x2; Your gnoll skeleton hits the bat.
The bat dies!
A gnoll comes into view. It is wielding a +0 flail.
Okay, then.
The gnoll shouts!
Your gnoll skeleton closely misses the gnoll.
You see here a +2 flail of protection.
You swap places.
The gnoll closely misses you.
Your gnoll skeleton hits the gnoll.
You see here a bat corpse.
The gnoll attacks as you move away! The gnoll hits you with a +0 club.
Your gnoll skeleton hits the gnoll but does no damage.
The gnoll hits your gnoll skeleton with a +0 flail.
Your gnoll skeleton hits the gnoll.
Aiming: Necrotise (safe; 8% risk of failure)
Press: ? - help, Q - select action, (/) - cycle Shift-Dir - straight line, f - gnoll
Aim: a gnoll, wielding a +0 club (lightly wounded, chance to affect: 78%)
The gnoll writhes in agony.
The gnoll hits your gnoll skeleton with a +0 whip!
Your gnoll skeleton is destroyed!
The gnoll closely misses you. The gnoll attacks as you move away!
The gnoll hits you with a +0 club. The gnoll attacks as you move away!
The gnoll barely misses you. The gnoll attacks as you move away!
The gnoll closely misses you. The gnoll hits you with a +0 club.
* * * LOW HITPOINT WARNING * * *
The gnoll attacks as you move away! The gnoll closely misses you.
The gnoll attacks as you move away! The gnoll hits you with a +0 club.
You die...

##g# #. #... .## #..#
..# #..# #.# ##..#
#.##### ##...##
##.#...#####
#.....#####w..........
#.........g.gg@..#
#...).†.......####
##...######...# #####
#...# #...# ###...#
#.....# #.#..####.#
#.#<......#


You could see a worm and 3 gnolls.

Vanquished Creatures
  A gnoll (D:2)
  3 bats
  2 endoplasms (D:1)
  A giant cockroach (D:1)
  A hobgoblin (D:1)
  2 quokkas (D:1)
  A frilled lizard (D:2)
  2 kobolds (D:1)
  2 rats (D:1)
15 creatures vanquished.

Vanquished Creatures (collateral kills)
  A bat (D:2)
  A rat (D:1)
2 creatures vanquished.

Grand Total: 17 creatures vanquished

Notes
Turn   | Place    | Note
-------+----------+-------------------------------------------
     0 | D:1      | Dracologan24 the Mummy Necromancer began the quest for the
                  | Orb.
     0 | D:1      | Reached XP level 1. HP: 13/13 MP: 4/4
   370 | D:1      | Reached XP level 2. HP: 19/19 MP: 1/5
   796 | D:2      | Slain by a gnoll

Illustrated notes

Levels and vault maps discovered:
D:1:      minmay_arrival_solitary_statue, layout_rooms, serial_bayou_pond_d,
          dreamdust_wishing_well
D:2:      layout_loops_ring, basic_altar

Skill      XL: |  1  2 |
---------------+-------+-----
Spellcasting   | 3 |  3.3
Dodging        | |  1.7
Stealth        | |  1.5
Necromancy     | |  4.5

Action                     || total
---------------------------++-------
  Melee: Unarmed           ||     2
         Hand axe          ||     1
         Whip              ||     3
   Cast: Necrotise         ||    25
 Armour: Ring mail         ||     6
         Robe              ||     2
  Dodge: Dodged            ||    11

Table legend: (Time is in decaauts)
 A = Elapsed time spent in this place.
 B = Non-inter-level travel time spent in this place.
 C = Inter-level travel time spent in this place.
 D = Time resting spent in this place.
 E = Time spent auto-exploring this place.
 F = Levels seen in this place.
 G = Mean time per level.
                   A        B        C        D        E       F      G
               +--------+--------+--------+--------+--------+-----+--------+
         Total |    797 |    216 |    581 |      0 |      0 |   2 |  398.5 |
       Dungeon |    797 |    216 |    581 |      0 |      0 |   2 |  398.5 |
               +--------+--------+--------+--------+--------+-----+--------+

Top non-repeatable levels by time:
     D:1: 730 daAuts
     D:2: 66 daAuts
